 Dungeon Crawl Stone Soup version 0.31.0-12-g77e489cdc1 (webtiles) character file.

Game seed: 17019818670201554526

1491 Doomgape the Fighter (level 8, -5/75 HPs)
             Began as a Minotaur Fighter on Feb 19, 2024.
             Was a Follower of the Shining One.
             Slain by a gnoll
             ... wielding a +1 halberd of venom
             ... led by a gnoll bouda
              (6 damage)
             ... on level 6 of the Dungeon.
             The game lasted 00:14:53 (4815 turns).

Doomgape the Fighter (Minotaur Fighter)             Turns: 4815, Time: 00:14:53

Health: -5/75      AC: 10    Str: 29    XL:     8   Next: 51%
Magic:  6/7        EV:  9    Int:  5    God:    the Shining One [*.....]
Gold:   285        SH:  4    Dex: 10    Spells: 7/7 levels left

rFire   + . .        d - +1 scimitar
rCold   + . .        c - +0 buckler
rNeg    . . .        s - +0 chain mail
rPois   .            (helmet restricted)
rElec   .            p - scarf {rC+ rF+}
rCorr   .            (no gloves)
SInv    +            (no boots)
Will    .....        (no amulet) Stlth
                     e - ring of see invisible
HPRegen 0.32/turn    o - +6 ring of strength
MPRegen 0.10/turn

%: no passive effects
@: glowing
A: horns 2, retaliatory headbutt
a: Renounce Religion, Divine Shield


You were on level 6 of the Dungeon.
You worshipped the Shining One.
The Shining One was aware of your devotion.
You visited 2 branches of the dungeon, and saw 7 of its levels.

You collected 285 gold pieces.

Inventory:

Hand Weapons
 a - a +0 long sword of freezing
 d - a +1 scimitar (weapon)
Armour
 c - a +0 buckler (worn)
 p - a scarf of resistance (worn)
 s - a +0 chain mail (worn)
Jewellery
 e - a ring of see invisible (left hand)
 o - a +6 ring of strength (right hand)
Scrolls
 h - a scroll of revelation
 j - 3 scrolls of noise
 n - 5 scrolls of identify
Potions
 b - a potion of berserk rage {unknown}
 f - a potion of magic {unknown}
 g - a potion of brilliance {unknown}
 i - 2 potions of curing
 k - a potion of lignification {unknown}
 l - a potion of attraction {unknown}


   Skills:
 + Level 8.3 Fighting
 + Level 7.7 Long Blades
 + Level 8.2 Armour
 - Level 3.6 Shields


You had 7 spell levels left.
You didn't know any spells.
Your spell library contained the following spells:

 Spells                   Type           Power      Damage    Failure   Level
 Lesser Beckoning         Tloc           0%         N/A       98%         2
 Gell's Gravitas          Tloc           0%         N/A       100%        3
 Inner Flame              Hex/Fire       0%         N/A       100%        3
 Teleport Other           Tloc           0%         N/A       100%        3
 Irradiate                Conj/Alch      0%         3d11      100%        5
 Ignition                 Fire           0%         3d3       100%        8


Dungeon Overview and Level Annotations

Branches:
Dungeon (6/15)             Temple (1/1) D:4

Altars:
Elyvilon
Fedhas
Gozag
Hepliaklqana
Kikubaaqudgha
Makhleb
Nemelex Xobeh
Qazlal
Ru
Sif Muna
Trog
Vehumet
Wu Jian
Xom
Yredelemnul
Zin
The Shining One

Shops:
D:4 [

Annotations:
D:4 1 runed translucent door, kalagan's ghost, amateur DECj
D:5 Blork the orc
Temple 2 transporters


Innate Abilities, Weirdness & Mutations

You have a pair of horns on your head.
You reflexively headbutt those who attack you in melee.


Message History

Unknown command.
Unknown command.
You slash the orc wizard!
The orc wizard is severely wounded.
You block the orc warrior's attack.
The orc wizard hits you but does no damage. x2
The orc warrior hits you from afar with a +0 trident!
* * * LOW HITPOINT WARNING * * *
Unknown command.
You hit the orc wizard.
The orc wizard is almost dead.
The orc wizard hits you but does no damage. x2
The orc warrior misses you.
Unknown command.
You hit the orc wizard.
The orc wizard is almost dead.
The orc wizard hits you but does no damage.
The orc wizard barely misses you. You furiously retaliate!
You headbutt the orc wizard!
You kill the orc wizard!
The orc warrior hits you but does no damage.
You slash the orc wizard!
The orc wizard is almost dead.
The orc wizard gestures at you while chanting.
You resist with some effort.
The orc warrior hits you from afar with a +0 trident.
* * * LOW HITPOINT WARNING * * *
Unknown command.
You hit the orc wizard. You headbutt the orc wizard.
You kill the orc wizard!
The scorpion stings you but does no damage.
The orc warrior hits you from afar with a +0 trident.
* * * LOW HITPOINT WARNING * * *
The scorpion stings you but does no damage.
Unknown command.
You hit the gnoll.
The gnoll is moderately wounded.
You block the gnoll's attack.
The gnoll hits you from afar with a +1 halberd of venom.
You die...

.# .# .# ##.
#.. ..s....
#g# ...h...
#g# .......
#g# ....J..
#@# .......
##s# .......
#oo#
.......####o##
#.)<....#
#.#....##
....o##.#
..#.o..##.#
.....##.##.#


You could see an orc warrior, a scorpion, 3 gnolls and 2 orcs.

Vanquished Creatures
  A wraith (D:6)
  Edmund (D:6)
  A water moccasin (D:5)
  An orc warrior (D:4)
  2 ice beasts (D:5)
  An ogre (D:4)
  2 scorpions
  A howler monkey (D:6)
  A sleepcap (D:4)
  2 hounds
  2 jellies
  3 orc priests
  A gnoll bouda (D:6)
  4 iguanas
  4 orc wizards
  5 adders
  4 ufetubi
  2 ribbon worms
  A dart slug (D:4)
  9 orcs
  6 endoplasms
  A giant cockroach (D:1)
  7 goblins
  4 hobgoblins
  7 jackals
  7 quokkas
  7 ball pythons
  3 bats
  A frilled lizard (D:3)
  2 kobolds
  3 rats
96 creatures vanquished.

Notes
Turn   | Place    | Note
-------+----------+-------------------------------------------
     0 | D:1      | Doomgape the Minotaur Fighter began the quest for the Orb.
     0 | D:1      | Reached XP level 1. HP: 19/19 MP: 0/0
    41 | D:1      | Found a faded altar of an unknown god.
    58 | D:1      | Reached XP level 2. HP: 27/27 MP: 1/1
   987 | D:2      | Reached XP level 3. HP: 33/33 MP: 2/2
  1191 | D:2      | You fall into a shaft and drop 1 floor!
  1249 | D:3      | Found a sacrificial altar of Ru.
  1876 | D:3      | Found a glowing silver altar of Zin.
  2225 | D:3      | Found a faded altar of an unknown god.
  2229 | D:3      | Found a faded altar of an unknown god.
  2229 | D:3      | Found a hazy altar of Hepliaklqana.
  2600 | D:4      | Noticed a scorpion
  2606 | D:4      | Killed a scorpion
  2607 | D:4      | Reached XP level 4. HP: 34/41 MP: 3/3
  2608 | D:4      | Reached skill level 5 in Fighting
  2608 | D:4      | Reached XP level 5. HP: 40/48 MP: 4/4
  2624 | D:4      | Reached skill level 5 in Armour
  2919 | D:4      | Found a runed translucent door.
  2923 | D:4      | Noticed kalagan's ghost (amateur DECj)
  2946 | D:4      | Found a staircase to the Ecumenical Temple.
  2964 | Temple   | Found a transporter.
  2964 | Temple   | Found a transporter.
  2964 | Temple   | Found a transporter.
  2964 | Temple   | Found a transporter.
  2964 | Temple   | Entered the Ecumenical Temple
  3066 | Temple   | Became a worshipper of the Shining One
  3183 | D:4      | Reached XP level 6. HP: 44/56 MP: 5/5
  3188 | D:4      | Identified the +7 whip "Pigh" {vamp, rC+ Int+3}
  3354 | D:4      | Found Hicrat's Armour Shop.
  3533 | D:4      | Noticed an orc warrior
  3540 | D:4      | Killed an orc warrior
  3541 | D:4      | Reached skill level 5 in Long Blades
  3639 | D:4      | Reached XP level 7. HP: 46/64 MP: 6/6
  3825 | D:5      | Entered Level 5 of the Dungeon
  3868 | D:5      | Noticed Blork the orc
  3878 | D:5      | Found a shimmering blue altar of Sif Muna.
  4020 | D:5      | Found an opulent altar of Gozag.
  4227 | D:5      | Found a blossoming altar of Fedhas.
  4755 | D:6      | Noticed Edmund
  4755 | D:6      | Reached * piety under the Shining One
  4757 | D:6      | Noticed a wraith
  4763 | D:6      | Reached XP level 8. HP: 50/73 MP: 7/7
  4772 | D:6      | Killed Edmund
  4788 | D:6      | Identified the +0 ring mail of Apathy {Str+2 Dex+3}
  4813 | D:6      | HP: 3/74 [orc warrior/+0 trident (6)]
  4814 | D:6      | HP: 1/74 [orc warrior/+0 trident (2)]
  4815 | D:6      | Slain by a gnoll

Illustrated notes

Levels and vault maps discovered:
D:1:      amcnicky_arrival_underground_garden, layout_basic,
          ebering_ecumenical_altar_ruins
D:2:      layout_rooms, serial_aquarium, aquarium_bridge_island_large
          [aquarium_subvault_large_open, aquarium_subvault_window,
          aquarium_subvault_bridge, aquarium_subvault_window,
          aquarium_subvault_bridge], aquarium_bridge_square
          [aquarium_subvault_bridge, aquarium_subvault_bridge,
          aquarium_subvault_window, aquarium_subvault_bridge],
          aquarium_window_2, aquarium_window_corridor_3, aquarium_window_1,
          aquarium_window_corner, aquarium_view_2c, aquarium_view_2d,
          aquarium_pool_corner, minmay_misc_feat_rugged
D:3:      wad_lake_hut, layout_basic, zin_treasury, amcnicky_altar_gilded,
          nicolae_hepliaklqana_ecumenical_no_more, chequers_big_river
D:4:      layout_loops_ring, minmay_temple_entry_statues_fountains,
          gammafunk_ghost_grave, serial_shops, shop, minmay_pentangle
D:5:      layout_basic, fedhas_ov_isle_minmay,
          mainiacjoe_overflow_small_starburst, tgw_sif
D:6:      layout_rooms, st_stairs_11, chequers_avenue,
          chequers_serial_rivers_micro_a, uniq_duvessa, uniq_edmund
Temple:   hellmonk_temple_divided_pantheon

Skill      XL: |  1  2  3  4  5  6  7  8 |
---------------+-------------------------+-----
Fighting       | 4 5 6 7 8 |  8.3
Armour         | 4 5 6 7 8 |  8.2
Long Blades    | 3 4 5 6 7 |  7.7
Shields        | |  3.6

Action                     |  1- 3 |  4- 6 |  7- 9 || total
---------------------------+-------+-------+-------++-------
  Melee: Long sword        |    90 |    61 |       ||   151
         Headbutt          |    15 |    14 |    23 ||    52
         Scimitar          |       |    10 |   103 ||   113
 Invoke: Divine Shield     |       |       |     2 ||     2
    Use: Scroll            |     6 |     1 |     3 ||    10
         Potion            |     1 |     1 |     2 ||     4
 Armour: Scale mail        |    62 |    34 |     7 ||   103
         Chain mail        |       |       |    94 ||    94
  Dodge: Dodged            |    42 |    32 |    47 ||   121
  Block: Buckler           |    28 |    11 |    51 ||    90
